 Dungeon Crawl Stone Soup version 0.18.1-48-g4cf74bf (webtiles) character file.

235605 Peloso the Minotaur Blade (level 18, -1/173 HPs)
             Began as a Minotaur Fighter on June 27, 2016.
             Was the Champion of Okawaru.
             Slain by a tentacle (7 damage)
             ... attached to a kraken
             ... on level 2 of the Shoals on June 28, 2016.
             The game lasted 02:53:46 (47703 turns).

Peloso the Minotaur Blade (Minotaur Fighter)       Turns: 47703, Time: 02:53:46

Health: -1/173     AC: 41    Str: 26    XL:     18   Next: 91%
Magic:  17/19      EV: 10    Int:  7    God:    Okawaru [******]
Gold:   3105       SH: 18    Dex: 13    Spells: 0 memorised, 17 levels left

rFire  . . .     SeeInvis .     x - +8 scimitar (flame)
rCold  + + .     Gourm    .     p - +2 gold dragon armour
rNeg   . . .     Faith    +     c - +0 shield
rPois  +         Spirit   .     q - +2 hat
rElec  .         Dismiss  .     n - +0 cloak
rCorr  .         Reflect  .     j - +0 pair of gloves
SustAt .         Harm     .     W - +1 pair of boots {Fly}
MR     +....                    l - amulet of faith
Stlth  ..........               B - +5 ring of protection
                                U - ring of ice

@: heroism, flying, somewhat resistant to hostile enchantments, extremely
unstealthy
A: retaliatory headbutt, horns 2, clever 1
a: Heroism, Finesse, Renounce Religion, Stop Flying
}: 1/15 runes: serpentine


You were on level 2 of the Shoals.
You worshipped Okawaru.
Okawaru was exalted by your worship.
You were hungry.

You visited 6 branches of the dungeon, and saw 32 of its levels.
You also visited: Sewer.

You collected 3105 gold pieces.

Inventory:

Hand Weapons
 e - a +4 falchion of electrocution
 v - a -3 long sword
 x - a +8 scimitar of flaming (weapon)
Armour
 c - a +0 shield (worn)
 j - a +0 pair of gloves (worn)
 n - a +0 cloak (worn)
 p - a +2 gold dragon armour (worn)
 q - a +2 hat (worn)
 S - the +2 crystal plate armour of True Grit {MR+ Int+2 Dex+4}
   (Okawaru gifted it to you on level 3 of the Snake Pit)

   It affects your intelligence (+2).
   It affects your dexterity (+4).
   It affects your resistance to hostile enchantments.
 W - a +1 pair of boots of flying (worn)
Jewellery
 l - an amulet of faith (around neck)
 A - an uncursed ring of sustain attributes
 B - a +5 ring of protection (right hand)
 D - a +3 amulet of reflection
 F - an uncursed ring of see invisible
 L - an uncursed ring of protection from fire
 U - a ring of ice (left hand)
Wands
 m - a wand of teleportation (4/9)
 y - a wand of heal wounds (4/9)
 J - a wand of disintegration (10/24)
Scrolls
 b - 2 scrolls of identify
 d - 4 scrolls of fear
 g - a scroll of enchant armour
 k - a scroll of blinking
 s - a scroll of enchant weapon
 t - 3 scrolls of teleportation
 u - a scroll of magic mapping
 O - 5 scrolls of recharging
 Q - a scroll of summoning
 Z - 5 scrolls of remove curse
Potions
 h - a potion of might
 o - a potion of curing
 w - 3 potions of resistance
 z - a potion of magic
 C - 2 potions of berserk rage
 N - a potion of agility
 R - 2 potions of invisibility
 Y - 2 potions of haste
Books
 G - a book of the Warp

   Spells                             Type                      Level
   a - Recall                         Summoning/Translocation      3
   b - Gell's Gravitas                Hexes/Translocation          3
   c - Force Lance                    Conjuration/Translocation    4
   d - Warp Weapon                    Charms/Translocation         5
   e - Summon Forest                  Summoning/Translocation      5
 V - a book of Conjurations

   Spells                             Type                      Level
   a - Magic Dart                     Conjuration                  1
   b - Searing Ray                    Conjuration                  2
   c - Dazzling Spray                 Conjuration/Hexes            3
   d - Fulminant Prism                Conjuration/Hexes            4
   e - Iskenderun's Mystic Blast      Conjuration                  4
   f - Iskenderun's Battlesphere      Conjuration/Charms           5
Comestibles
 a - 6 chunks of flesh
 f - 14 bread rations
 i - 19 meat rations
 r - 4 fruits
 E - 2 slices of pizza


   Skills:
 + Level 18.3(23.3) Fighting
 + Level 21.1(26.1) Long Blades
 + Level 18.9(23.9) Armour
 + Level 1.4(6.4) Dodging
 + Level 0.8(5.8) Stealth
 + Level 20.1(25.1) Shields
 + Level 3.8 Invocations
 + Level 0.5 Evocations


You had 17 spell levels left.
You didn't know any spells.

Dungeon Overview and Level Annotations

Branches:
Dungeon (15/15)            Temple (1/1) D:6            Lair (8/8) D:9
 Shoals (2/4) Lair:5        Snake (4/4) Lair:4        Slime (0/6) Lair:7
    Orc (2/2) D:12            Elf (0/3) Orc:2        Vaults (0/5) D:14
 Depths (0/5) D:15

Altars:
Ashenzari
Cheibriados
Dithmenos
Elyvilon
Fedhas
Gozag
Kikubaaqudgha
Makhleb
Nemelex Xobeh
Okawaru
Pakellas
Qazlal
Ru
Sif Muna
Trog
Vehumet
Xom
Yredelemnul
Zin
The Shining One
Beogh
Jiyva

Shops:
D:13 ?   Orc:1 }   Orc:2 }!!}


Innate Abilities, Weirdness & Mutations

You reflexively headbutt those who attack you in melee.
You have a pair of horns on your head.
Your mind is acute. (Int +2)


Message History

You headbutt the kraken, but do no damage.
The kraken is severely wounded.
The tentacle slaps you!
* * * LOW HITPOINT WARNING * * *
You block the tentacle's attack. x3
The kraken bites you but does no damage.
The tentacle slaps you but does no damage.
Drink which item? (? for menu, Esc to quit)
You feel better. You block the tentacle's attack. The tentacle slaps you!
* * * LOW HITPOINT WARNING * * *
The tentacle slaps you but does no damage. x2
You block the kraken's attack.
The tentacle slaps you but does no damage. x2
You block the tentacle's attack.
You slice the kraken!! You burn the kraken!
You headbutt the kraken, but do no damage.
The kraken is almost dead.
You block the tentacle's attack. x2; The tentacle closely misses you.
You furiously retaliate!
You headbutt the tentacle. The tentacle slaps you!
You die...

≈≈≈≈≈≈≈≈≈≈≈#
≈≈≈≈≈≈≈≈≈≈≈#
≈≈≈≈≈≈≈≈≈≈≈# ?≈≈.
≈≈≈≈≈≈≈≈≈≈≈# ..≈
≈≈≈≈≈≈≈≈≈≈≈# ..
≈≈≈≈≈§§§§§≈# .
≈≈≈≈≈§wXw§≈#
≈≈≈≈≈§w@§§≈#
≈≈≈≈≈§§§w≈§#
≈≈≈≈≈§≈§≈§≈#
≈≈≈≈≈≈≈≈≈≈≈#
.≈≈≈≈≈≈≈≈≈≈#
.≈≈≈≈≈≈≈≈≈≈#
..≈≈≈≈≈≈≈≈≈#
#.....###.≈≈≈≈≈≈≈≈≈≈#
#........ ≈≈≈≈≈≈≈≈≈≈#


You could see a kraken and 4 tentacles.

Vanquished Creatures
  Vashnia (Snake:4)
  Saint Roka (Snake:1)
  Rupert (Orc:2)
  Gastronok (Lair:1)
  A frost giant (Shoals:2)
  Louise (Snake:2)
  13 greater nagas
  Donald (Snake:4)
  2 orc warlords
  Snorg (Lair:6)
  2 merfolk impalers
  Josephine (D:10)
  2 yaktaur captains
  A fire dragon (D:14)
  Harold (D:10)
  5 hydras
  Erica (Lair:2)
  Erolcha (D:9)
  7 centaur warriors
  18 naga warriors
  7 anacondas
  4 catoblepae
  25 death yaks
  6 orc high priests
  5 shock serpents
  Nergalle (Lair:2)
  19 naga sharpshooters
  7 salamander mystics
  3 unseen horrors
  A flayed ghost (D:14)
  9 sea snakes
  9 naga ritualists
  11 harpies (Shoals:1)
  A deep elf mage (D:14)
  6 orc knights (Orc:2)
  8 hill giants
  5 mana vipers
  4 fauns (Shoals:2)
  7 manticores
  14 ugly things
  7 orc sorcerers
  17 cyclopes
  6 griffons
  23 salamanders
  13 elephants
  11 guardian serpents
  29 naga magi
  44 black mambas
  4 sirens
  2 water nymphs
  14 spiny frogs
  2 gargoyles
  9 yaktaurs
  A freezing wraith (D:12)
  An efreet (D:15)
  13 komodo dragons
  2 rime drakes
  3 merfolk
  2 two-headed ogres (Orc:2)
  7 trolls
  A boulder beetle (Lair:8)
  12 slime creatures
  20 blink frogs
  3 snapping turtles
  2 shadows
  A centaur simulacrum (D:14)
  59 yaks
  2 vampires
  5 wraiths
  5 basilisks
  8 hippogriffs
  A hungry ghost (D:13)
  12 vampire mosquitoes
  A mottled dragon (D:14)
  7 wargs
  83 nagas
  19 water moccasins
  A soldier ant (D:11)
  16 porcupines
  Purgy (Sewer)
  2 sky beasts
  50 orc warriors
  A black bear (shapeshifter) (D:14)
  A wasp (D:14)
  8 ice beasts
  2 phantoms
  A black bear (D:9)
  27 ogres
  9 wolves
  A boggart (D:14)
  19 centaurs
  A necrophage (D:12)
  16 crocodiles
  A big kobold (D:10)
  14 giant frogs
  A gnoll sergeant (D:9)
  3 wyvern skeletons
  A scorpion (D:10)
  6 killer bees (D:12)
  14 wights
  4 howler monkeys
  5 electric eels (Snake:1)
  7 crimson imps
  A giant frog zombie (D:10)
  A quasit (D:10)
  2 jellies
  22 orc wizards
  3 centaur zombies
  41 orc priests
  6 centaur skeletons
  2 giant frog skeletons (D:8)
  4 hounds
  12 iguanas
  9 worker ants
  19 sheep
  A hound skeleton (D:9)
  A mummy (D:6)
  3 worker ant zombies
  12 adders
  12 gnolls
  57 river rats
  2 shadow imps (D:13)
  An adder skeleton (D:10)
  3 adder zombies
  4 worms
  A dart slug (D:1)
  10 giant geckos
  125 orcs
  8 giant cockroaches
  11 goblins
  17 hobgoblins
  9 jackals
  5 quokkas
  2 ball pythons (D:2)
  10 bats
  A giant gecko skeleton (D:5)
  6 giant newts
  15 kobolds
  2 quokka skeletons
  5 rats
  A bush (Shoals:1)
  A fungus (Lair:7)
  A plant (Lair:7)
1325 creatures vanquished.

Vanquished Creatures (others)
  A deep elf annihilator (D:2)
  A black mamba (Snake:4)
  27 fungi
  26 plants
  105 tentacle segments (Shoals:2)
160 creatures vanquished.

Grand Total: 1485 creatures vanquished

Notes
Turn   | Place    | Note
--------------------------------------------------------------
     0 | D:1      | Peloso the Minotaur Fighter began the quest for the Orb.
     0 | D:1      | Reached XP level 1. HP: 19/19 MP: 0/0
   256 | D:1      | Reached XP level 2. HP: 25/27 MP: 1/1
   728 | D:2      | Reached XP level 3. HP: 29/33 MP: 2/2
  1005 | D:2      | Found an oddly glowing altar of Pakellas.
  1008 | D:2      | Noticed a deep elf annihilator
  1011 | D:2      | Killed a deep elf annihilator
  1172 | D:2      | Reached skill level 1 in Dodging
  1228 | D:2      | Reached skill level 3 in Long Blades
  1288 | D:3      | Reached XP level 4. HP: 41/41 MP: 3/3
  1461 | D:3      | Reached XP level 5. HP: 28/47 MP: 4/4
  1721 | D:3      | Found a glowing drain.
  1725 | Sewer    | Entered a sewer
  1772 | Sewer    | Noticed Purgy
  1786 | Sewer    | Killed Purgy
  1786 | Sewer    | Reached skill level 5 in Fighting
  1786 | Sewer    | Reached skill level 5 in Armour
  1786 | Sewer    | Reached skill level 5 in Shields
  1951 | D:3      | Found a sparkling altar of Nemelex Xobeh.
  2009 | D:3      | Noticed a centaur
  2015 | D:3      | Killed a centaur
  2015 | D:3      | Reached skill level 4 in Long Blades
  2015 | D:3      | Reached XP level 6. HP: 40/56 MP: 5/5
  2618 | D:4      | Reached XP level 7. HP: 58/61 MP: 6/6
  2620 | D:4      | Reached skill level 5 in Long Blades
  2624 | D:4      | Found a bloodstained altar of Trog.
  2711 | D:4      | Found an oddly glowing altar of Pakellas.
  2811 | D:5      | Entered Level 5 of the Dungeon
  3182 | D:5      | Reached XP level 8. HP: 28/71 MP: 7/7
  3476 | D:5      | Reached skill level 6 in Long Blades
  3860 | D:5      | Found a deep blue altar of Sif Muna.
  4356 | D:6      | Found a snail-covered altar of Cheibriados.
  4409 | D:6      | Found a staircase to the Ecumenical Temple.
  4435 | Temple   | Entered the Ecumenical Temple
  4442 | Temple   | Became a worshipper of Warmaster Okawaru
  4550 | D:6      | Reached skill level 7 in Long Blades
  5039 | D:6      | Reached XP level 9. HP: 61/79 MP: 8/8
  5552 | D:7      | Noticed a cyclops
  5810 | D:7      | Killed a cyclops
  5810 | D:7      | Reached * piety under Okawaru
  5810 | D:7      | Reached skill level 8 in Long Blades
  7019 | D:8      | Found a basalt altar of Yredelemnul.
  7020 | D:8      | Found a burning altar of Makhleb.
  7263 | D:8      | Reached ** piety under Okawaru
  7289 | D:8      | Found an ancient bone altar of Kikubaaqudgha.
  7291 | D:8      | Found a blossoming altar of Fedhas.
  7538 | D:9      | Found a staircase to the Lair.
  7589 | D:8      | Reached skill level 9 in Long Blades
  7902 | D:8      | Reached XP level 10. HP: 79/90 MP: 9/9
  8028 | D:9      | Reached *** piety under Okawaru
  8079 | D:9      | Noticed a hill giant
  8086 | D:9      | Killed a hill giant
  8086 | D:9      | Reached skill level 10 in Armour
  8099 | D:9      | Noticed Erolcha
  8135 | D:9      | Killed Erolcha
  8135 | D:9      | Reached **** piety under Okawaru
  8135 | D:9      | Reached skill level 10 in Long Blades
  9939 | D:10     | Entered Level 10 of the Dungeon
  9941 | D:10     | Noticed Josephine
  9961 | D:9      | Reached skill level 10 in Shields
 10354 | D:10     | Killed Josephine
 10354 | D:10     | Reached ***** piety under Okawaru
 10354 | D:10     | Reached skill level 10 in Fighting
 10354 | D:10     | Reached skill level 1 in Invocations
 10381 | D:10     | Noticed a hill giant
 10392 | D:10     | Killed a hill giant
 10392 | D:10     | Reached XP level 11. HP: 85/99 MP: 7/10
 10939 | D:10     | Noticed Harold
 10957 | D:10     | Noticed a hill giant
 10966 | D:10     | Killed a hill giant
 10973 | D:10     | Killed Harold
 10973 | D:10     | Received a gift from Okawaru
 10973 | D:10     | Reached skill level 11 in Long Blades
 11276 | D:10     | Noticed a hill giant
 11288 | D:10     | Killed a hill giant
 11848 | D:11     | Noticed a hill giant
 11866 | D:11     | Killed a hill giant
 11960 | D:11     | Noticed a hill giant
 11969 | D:11     | Killed a hill giant
 12063 | D:11     | Noticed a white ugly thing
 12072 | D:11     | HP: 2/101 [white ugly thing (16)]
 12073 | D:11     | Killed a white ugly thing
 12647 | D:11     | Reached skill level 12 in Long Blades
 13103 | Lair:1   | Entered Level 1 of the Lair of Beasts
 13208 | Lair:1   | Reached XP level 12. HP: 60/110 MP: 12/12
 13255 | Lair:1   | Reached ****** piety under Okawaru
 13255 | Lair:1   | Received a gift from Okawaru
 13628 | Lair:1   | Noticed Gastronok
 13846 | Lair:1   | Killed Gastronok
 14901 | Lair:2   | Noticed Erica
 14918 | Lair:2   | Killed Erica
 14918 | Lair:2   | Reached skill level 13 in Long Blades
 14979 | Lair:2   | Got an ancient ring mail
 15078 | Lair:2   | Noticed Nergalle
 15088 | Lair:2   | Killed Nergalle
 15361 | Lair:3   | Received a gift from Okawaru
 15993 | Lair:3   | Noticed a five-headed hydra
 16006 | Lair:3   | Killed a one-headed hydra
 16039 | Lair:3   | Noticed a four-headed hydra
 16040 | Lair:3   | Noticed a death yak
 16041 | Lair:3   | Noticed a death yak
 16046 | Lair:3   | Noticed a death yak
 16046 | Lair:3   | Noticed a death yak
 16856 | Lair:3   | Reached XP level 13. HP: 116/118 MP: 13/13
 17658 | Lair:2   | Received a gift from Okawaru
 17658 | Lair:2   | Reached skill level 14 in Long Blades
 17661 | Lair:2   | Got an ichor-stained glaive {god gift}
 17678 | Lair:2   | Identified the cursed +0 ring mail of the Assorted Planets {MR+ Dex+6} (You found it on level 2 of the Lair of Beasts)
 17920 | Lair:4   | Found a staircase to the Snake Pit.
 19086 | Lair:5   | Received a gift from Okawaru
 19546 | Lair:5   | Found a staircase to the Shoals.
 20130 | Lair:6   | Noticed Snorg
 20151 | Lair:6   | Killed Snorg
 20151 | Lair:6   | Received a gift from Okawaru
 20620 | Lair:6   | Reached skill level 15 in Long Blades
 21102 | Lair:7   | Found a viscous altar of Jiyva.
 21103 | Lair:7   | Found a staircase to the Slime Pits.
 21341 | Lair:7   | Reached XP level 14. HP: 81/129 MP: 14/14
 21984 | Lair:1   | Identified the +8 glaive "Iquplext" {chop, rPois} (Okawaru gifted it to you on level 2 of the Lair of Beasts)
 22199 | Lair:8   | Entered Level 8 of the Lair of Beasts
 22303 | Lair:8   | Received a gift from Okawaru
 22327 | Lair:8   | Received a gift from Okawaru
 22427 | Lair:8   | Reached skill level 15 in Shields
 22685 | Lair:8   | Reached skill level 15 in Armour
 23222 | Lair:8   | Reached skill level 16 in Long Blades
 23269 | Lair:8   | Received a gift from Okawaru
 24128 | Lair:8   | Received a gift from Okawaru
 24330 | Lair:8   | Reached skill level 17 in Long Blades
 24790 | D:12     | Found a staircase to the Orcish Mines.
 25219 | D:12     | Reached XP level 15. HP: 118/139 MP: 16/16
 26111 | D:13     | Found Siypeann's Magic Scroll Shop.
 27368 | D:14     | Found a gate to the Vaults.
 27655 | D:14     | Received a gift from Okawaru
 27743 | D:14     | Reached skill level 15 in Fighting
 28181 | D:14     | Received a gift from Okawaru
 28188 | D:14     | Got a pair of steaming boots {god gift}
 28199 | D:14     | Identified the +0 pair of boots "Jaceuch" {rPois SInv} (Okawaru gifted it to you on level 14 of the Dungeon)
 28550 | D:15     | Entered Level 15 of the Dungeon
 29129 | D:15     | Found a staircase to the Depths.
 29275 | D:15     | Got a pair of polished boots
 29286 | D:15     | Identified the +2 pair of boots "Opaziu" {-Tele +Inv rElec Int+6} (You found it on level 15 of the Dungeon)
 29462 | D:15     | Reached skill level 18 in Long Blades
 29928 | Orc:1    | Entered Level 1 of the Orcish Mines
 29928 | Orc:1    | Noticed an orc warlord
 30259 | D:12     | Killed an orc warlord
 30259 | D:12     | Received a gift from Okawaru
 30299 | Orc:1    | Found Qeepneisk's Gadget Shoppe.
 30563 | Orc:1    | Reached XP level 16. HP: 137/150 MP: 17/17
 30644 | Orc:2    | Entered Level 2 of the Orcish Mines
 31558 | Orc:2    | Found a staircase to the Elven Halls.
 31862 | Orc:2    | Noticed Rupert
 31881 | Orc:2    | Killed Rupert
 32126 | Orc:2    | Paralysed by an orc sorcerer for 6 turns
 32273 | Orc:2    | Found a roughly hewn altar of Beogh.
 32296 | Orc:2    | Found Tijexown's Gadget Boutique.
 32499 | Orc:2    | Found Keapsaz's Distillery.
 32858 | Orc:2    | Found a roughly hewn altar of Beogh.
 32859 | Orc:2    | Found Tipaofu's Gadget Boutique.
 32953 | Orc:2    | Found Orchojao's Distillery.
 33058 | Orc:2    | Received a gift from Okawaru
 33650 | Snake:1  | Entered Level 1 of the Snake Pit
 33900 | Snake:1  | Received a gift from Okawaru
 33900 | Snake:1  | Reached skill level 19 in Long Blades
 34523 | Snake:1  | Gained mutation: Your mind is acute. (Int +2) [potion of beneficial mutation]
 35192 | Snake:2  | Noticed Louise
 35205 | Snake:2  | Killed Louise
 35205 | Snake:2  | Received a gift from Okawaru
 35208 | Snake:2  | Got a distressingly furry chain mail {god gift}
 35220 | Snake:2  | Identified the +6 chain mail of Inuuliomu {rF+ Str+7} (Okawaru gifted it to you on level 2 of the Snake Pit)
 35283 | Snake:2  | Noticed Saint Roka
 35824 | Snake:2  | Paralysed by an orc sorcerer for 2 turns
 36424 | Snake:1  | Killed Saint Roka
 36424 | Snake:1  | Reached XP level 17. HP: 117/160 MP: 18/18
 37724 | Snake:2  | Got a crystal long sword
 37725 | Snake:2  | Identified the cursed +0 long sword "Riadac" {speed, *Noise MP+9 Dex+4 SInv} (You found it on level 2 of the Snake Pit)
 38114 | Snake:3  | Received a gift from Okawaru
 38128 | Snake:3  | Got an ancient crystal plate armour {god gift}
 38213 | Snake:3  | Identified the +2 crystal plate armour of True Grit {MR+ Int+2 Dex+4} (Okawaru gifted it to you on level 3 of the Snake Pit)
 38677 | Snake:3  | Found an iron altar of Okawaru.
 39690 | Snake:4  | Entered Level 4 of the Snake Pit
 39714 | Snake:4  | Noticed Vashnia
 41356 | Snake:4  | Received a gift from Okawaru
 41359 | Snake:4  | Got a spiked plate armour {god gift}
 41728 | Snake:3  | Identified the +2 plate armour of Unambiguity {rPois Str+9 Dex-5 SInv} (Okawaru gifted it to you on level 4 of the Snake Pit)
 41885 | Snake:4  | Reached skill level 20 in Long Blades
 42625 | Snake:4  | Reached XP level 18. HP: 44/170 MP: 17/19
 42701 | Snake:4  | Killed Vashnia
 42987 | Snake:4  | Noticed Donald
 43011 | Snake:4  | Killed Donald
 43116 | Snake:4  | Received a gift from Okawaru
 44125 | Snake:4  | Got a serpentine rune of Zot
 46386 | Shoals:1 | Entered Level 1 of the Shoals
 46422 | Shoals:1 | Received a gift from Okawaru
 46941 | Shoals:1 | Reached skill level 21 in Long Blades
 47702 | Shoals:2 | HP: 6/173 [tentacle[a kraken] (11)]
 47703 | Shoals:2 | Slain by a tentacle

Skill      XL: |  1  2  3  4  5  6  7  8  9 10 11 12 13 14 15 16 17 18 |
---------------+-------------------------------------------------------+-----
Armour         | 4 5 6 7 9 11 12 13 14 15 16 17 18 | 18.9
Fighting       | 4 5 6 7 8 10 11 12 13 14 15 16 17 18 | 18.3
Dodging        | 1 |  1.4
Long Blades    | 3 4 5 7 9 10 12 13 15 17 18 19 20 21 | 21.1
Shields        | 4 5 6 7 8 9 10 12 13 14 15 16 18 19 20 | 20.1
Invocations    | 1 2 3 |  3.8
Stealth        | |  0.8
Evocations     | |  0.5

Action                   |  1- 3 |  4- 6 |  7- 9 | 10-12 | 13-15 | 16-18 || total
-------------------------+-------+-------+-------+-------+-------+-------++-------
Melee: Long sword        |   141 |   171 |   343 |       |       |       ||   655
       Headbutt          |    11 |    36 |    91 |   209 |   423 |   518 ||  1288
       Falchion          |       |       |    58 |   651 |   745 |       ||  1454
       Scimitar          |       |       |       |   162 |   896 |  2092 ||  3150
       Unarmed           |       |       |       |       |     3 |     6 ||     9
       Punch             |       |       |       |       |     3 |       ||     3
Invok: Heroism           |       |       |       |    14 |    15 |    27 ||    56
       Finesse           |       |       |       |       |     1 |       ||     1
Evoke: Wand              |       |       |       |       |     1 |       ||     1
  Use: Scroll            |       |     6 |     6 |    11 |    21 |    13 ||    57
       Potion            |       |     1 |     1 |     3 |       |    11 ||    16
  Eat: Chunk             |     1 |     5 |    16 |    25 |    43 |    31 ||   121
       Beef jerky        |       |       |     1 |       |     1 |     2 ||     4
       Bread ration      |       |       |       |     1 |       |       ||     1
       Royal jelly       |       |       |       |       |     1 |     1 ||     2
       Fruit             |       |       |       |       |       |    17 ||    17
       Pizza             |       |       |       |       |       |     5 ||     5
Armor: Scale mail        |    30 |       |       |       |       |       ||    30
       Plate armour      |    73 |    86 |       |       |       |       ||   159
       Gold dragon hide  |       |    31 |   159 |   267 |    29 |       ||   486
       Gold dragon armou |       |       |       |       |   788 |  1074 ||  1862
       Crystal plate arm |       |       |       |       |    12 |       ||    12
Dodge: Dodged            |    35 |    23 |    26 |   108 |   304 |   388 ||   884
Block: Shield            |    66 |    96 |   184 |   417 |   875 |  1657 ||  3295
